 Dungeon Crawl Stone Soup version 0.19-a0-1907-gcff654f (webtiles) character file.

14855 kae the Pandemonic (level 12, -3/96 (97) HPs)
             Began as a Formicid Fighter on Oct 21, 2016.
             Was a High Priest of Makhleb.
             Slain by a 12-headed hydra (7 damage)
             ... on level 11 of the Dungeon.
             The game lasted 00:15:10 (11767 turns).

kae the Pandemonic (Formicid Fighter)              Turns: 11767, Time: 00:15:11

HP:   -3/96 (97)    AC:  9    Str: 26    XL:     12   Next: 50%
MP:   0/21          EV: 10    Int:  8    God:    Makhleb [*****.]
Gold: 766           SH: 12    Dex: 10    Spells: 0 memorised, 11 levels left

rFire  . . .     SeeInvis +     I - +7 falchion (freeze)
rCold  . . .     Gourm    .     s - +2 ring mail {rPois}
rNeg   + . .     Faith    .     c - +0 shield
rPois  +         Spirit   +     (helmet unavailable)
rElec  .         Reflect  .     (no cloak)
rCorr  .         Harm     .     l - +1 pair of gloves
MR     ++...                    (no boots)
Stlth  ..........               p - amulet of guardian spirit
                                g - ring of positive energy
                                o - ring of protection from magic

@: no status effects
A: permanent stasis, dig shafts and tunnels, four strong arms, antennae 3
a: Dig, Shaft Self, Minor Destruction, Lesser Servant of Makhleb, Major
Destruction, Greater Servant of Makhleb, Renounce Religion


You were on level 11 of the Dungeon.
You worshipped Makhleb.
Makhleb was extremely pleased with you.
You were not hungry.

You visited 1 branch of the dungeon, and saw 11 of its levels.

You collected 766 gold pieces.

Inventory:

Hand Weapons
 a - a +0 long sword
 k - a +0 long sword of draining
 G - the +8 rapier of Ifeil {antimagic, Stlth+}
   (You found it on level 7 of the Dungeon)

   It reduces the magical energy of the wielder, and disrupts the spells and
   magical abilities of those hit.
   Natural abilities and divine invocations are not affected.
   It makes you more stealthy.
 H - a cursed +0 great sword
 I - a +7 falchion of freezing (weapon)
Armour
 b - a +0 scale mail
 c - a +0 shield (worn)
 l - a +1 pair of gloves (worn)
 s - a +2 ring mail of poison resistance (worn)
Jewellery
 g - a ring of positive energy (right hand)
 o - a ring of protection from magic (left hand)
 p - an amulet of guardian spirit (around neck)
 x - a cursed amulet of inaccuracy {unknown}
 M - an uncursed ring of flight {unknown}
Wands
 n - a wand of disintegration (24/24)
 q - a wand of polymorph (18/24)
 D - a wand of confusion (31/48)
Scrolls
 h - 2 scrolls of fear
 i - 6 scrolls of remove curse
 j - 7 scrolls of identify
 u - a scroll of amnesia
 y - a scroll of magic mapping
 z - 2 scrolls of enchant armour
Potions
 d - a potion of might
 e - 3 potions of curing
 m - a potion of brilliance
 w - a potion of ambrosia
 E - a potion of flight
 O - a potion of cure mutation
Books
 t - a book of Conjurations

   Spells                             Type                      Level
   a - Magic Dart                     Conjuration                  1
   b - Searing Ray                    Conjuration                  2
   c - Dazzling Spray                 Conjuration/Hexes            3
   d - Fulminant Prism                Conjuration/Hexes            4
   e - Iskenderun's Mystic Blast      Conjuration                  4
   f - Iskenderun's Battlesphere      Conjuration/Charms           5
 v - Jessica's Volume of the Oath
   (You found it on level 3 of the Dungeon)

   Spells                             Type                      Level
   a - Confusing Touch                Hexes                        1
   b - Corona                         Hexes                        1
 C - a book of Minor Magic

   Spells                             Type                      Level
   a - Magic Dart                     Conjuration                  1
   b - Blink                          Translocation                2
   c - Call Imp                       Summoning                    2
   d - Repel Missiles                 Charms/Air                   2
   e - Slow                           Hexes                        2
   f - Conjure Flame                  Conjuration/Fire             3
   g - Mephitic Cloud                 Conjuration/Poison/Air       3
 N - a book of Cantrips

   Spells                             Type                      Level
   a - Confusing Touch                Hexes                        1
   b - Animate Skeleton               Necromancy                   1
   c - Summon Small Mammal            Summoning                    1
   d - Apportation                    Translocation                1
Comestibles
 f - 10 bread rations
 r - 4 beef jerkies
 A - 9 slices of pizza
 B - 3 meat rations


   Skills:
 + Level 9.9 Fighting
 * Level 11.7 Long Blades
 - Level 3.2 Armour
 - Level 9.1 Shields
 * Level 13.0 Invocations


You had 11 spell levels left.
You didn't know any spells.

Dungeon Overview and Level Annotations

Branches:
Dungeon (11/15)            Temple (0/1) D:7            Lair (0/6) D:8
    Orc (0/2) D:10

Altars:
Gozag
Hepliaklqana
Makhleb

Shops:
D:6 %   D:11 *

Annotations:
D:11 Snorg, Urug


Innate Abilities, Weirdness & Mutations

You are under a permanent stasis effect.
You can dig through walls and to a lower floor.
Your four strong arms can wield two-handed weapons with a shield.
You have a pair of large antennae on your head. (SInv)


Message History

The 11-headed hydra bites you! The 11-headed hydra bites you.
The 11-headed hydra closely misses you.
You chop one of the 11-headed hydra's heads off!
The ten-headed hydra grows two more!
You hit the 12-headed hydra.
The 12-headed hydra seems to slow down.
You freeze the 12-headed hydra.
The 12-headed hydra is moderately wounded.
You barely miss the 12-headed hydra.
The 12-headed hydra is moderately wounded.
The 12-headed hydra bites you.
* * * LOW HITPOINT WARNING * * *
You block the 12-headed hydra's attack. The 12-headed hydra barely misses you.
The 12-headed hydra bites you but does no damage.
The 12-headed hydra closely misses you. The 12-headed hydra bites you.
* * * LOW HITPOINT WARNING * * *
The 12-headed hydra bites you!
* * * LOW HITPOINT WARNING * * *
The 12-headed hydra bites you!
* * * LOW HITPOINT WARNING * * *
You block the 12-headed hydra's attack. The 12-headed hydra bites you!
You die...

.. #.. #.....# # ... #..#
#.....####
.....#..#######.........
.. ..#..#...............
.......'..#...............
.......#..#...............
.......##'#.............).
.8........................
...8.....@................
.P......TD.###########....
4..P.......# #....
.......<...# #....
...........# {#....
##......(..# #....
...........# #..>.
##.........' #....
#.........# #....


You could see Snorg and a 12-headed hydra.

Vanquished Creatures
  The ghost of DEFE the Covert, a journeyman DrAs of Ashenzari (D:11)
  Josephine (D:11)
  The ghost of PeterLawrence the Basher, a novice MiFi of Okawaru (D:6)
  Nergalle (D:10)
  A hill giant (D:11)
  A cyclops (D:8)
  The ghost of Lochraine the Changer, a novice OpTm (D:7)
  Psyche (D:11)
  A gargoyle (D:11)
  3 centaur zombies
  A hellwing (D:11)
  A two-headed ogre (D:9)
  A hornet (D:10)
  2 hippogriffs
  2 hogs (D:9)
  A human (D:9)
  4 wraiths (D:11)
  2 yaks (D:9)
  2 hungry ghosts
  Grum (D:10)
  2 steam dragons (D:10)
  2 wargs
  Edmund (D:4)
  5 orc warriors
  A phantom (D:4)
  A sky beast (D:7)
  3 black bears
  4 ice beasts
  A necrophage (D:11)
  6 ogres
  2 centaurs
  3 wolves (D:10)
  A crocodile (D:7)
  3 big kobolds
  Blork the orc (D:5)
  2 bullfrogs
  2 wyvern zombies
  3 scorpions
  12 killer bees
  8 wights
  4 howler monkeys
  6 electric eels (D:10)
  A crimson imp (D:10)
  3 bullfrog skeletons
  7 orc priests
  5 hounds
  6 jellies
  Jessica (D:3)
  3 centaur skeletons
  6 worker ants
  An iguana (D:7)
  5 orc wizards
  2 hound zombies
  6 gnolls
  11 adders
  A howler monkey skeleton (D:4)
  4 shadow imps
  3 oozes
  An adder skeleton (D:4)
  3 adder zombies
  3 worms
  2 dart slugs
  8 leopard geckos
  35 orcs
  5 giant cockroaches
  3 hobgoblins
  10 jackals
  2 quokkas
  6 bats
  3 frilled lizards
  8 goblins
  A jackal zombie (D:8)
  21 kobolds
  A leopard gecko skeleton (D:4)
  A quokka skeleton (D:5)
  7 rats
287 creatures vanquished.

Vanquished Creatures (collateral kills)
  A hound (D:10)
  4 orcs (D:10)
  A kobold (D:11)
6 creatures vanquished.

Vanquished Creatures (others)
  2 kobolds (D:10)
2 creatures vanquished.

Grand Total: 295 creatures vanquished

Notes
Turn   | Place    | Note
-------+----------+-------------------------------------------
     0 | D:1      | kae the Formicid Fighter began the quest for the Orb.
     0 | D:1      | Reached XP level 1. HP: 18/18 MP: 1/1
    69 | D:1      | Reached XP level 2. HP: 19/24 MP: 2/2
   252 | D:1      | Reached XP level 3. HP: 28/30 MP: 3/3
   617 | D:2      | Found a burning altar of Makhleb.
   623 | D:2      | Reached XP level 4. HP: 35/37 MP: 4/4
   923 | D:2      | Became a worshipper of Makhleb the Destroyer
  1375 | D:2      | Reached XP level 5. HP: 31/43 MP: 5/5
  1731 | D:3      | Reached skill level 1 in Invocations
  1949 | D:3      | Reached * piety under Makhleb
  2007 | D:3      | Noticed Jessica
  2018 | D:3      | Killed Jessica
  2018 | D:3      | Reached XP level 6. HP: 41/50 MP: 7/7
  2101 | D:3      | Identified Jessica's Volume of the Oath
  2291 | D:3      | Reached skill level 2 in Invocations
  2536 | D:4      | Noticed an ogre
  2550 | D:4      | Killed an ogre
  2550 | D:4      | Reached skill level 5 in Fighting
  2736 | D:4      | Reached skill level 3 in Invocations
  2892 | D:4      | Reached XP level 7. HP: 44/56 MP: 9/9
  3018 | D:4      | Reached skill level 5 in Shields
  3023 | D:4      | Reached skill level 4 in Invocations
  3125 | D:4      | Noticed Edmund
  3141 | D:4      | Killed Edmund
  3237 | D:4      | Reached ** piety under Makhleb
  3322 | D:4      | Reached skill level 5 in Long Blades
  3322 | D:4      | Reached XP level 8. HP: 29/63 MP: 11/11
  3596 | D:5      | Entered Level 5 of the Dungeon
  3611 | D:5      | Noticed Blork the orc
  3738 | D:5      | Reached skill level 5 in Invocations
  3756 | D:5      | Killed Blork the orc
  4350 | D:6      | Noticed PeterLawrence's ghost (novice MiFi)
  4645 | D:6      | Found Mobelof's Food Shoppe.
  4718 | D:6      | Killed PeterLawrence's ghost
  4718 | D:6      | Reached skill level 7 in Invocations
  4718 | D:6      | Reached XP level 9. HP: 20/70 MP: 3/14
  5590 | D:7      | Reached *** piety under Makhleb
  5620 | D:7      | Found a staircase to the Ecumenical Temple.
  5740 | D:7      | Noticed Lochraine's ghost (novice OpTm)
  5754 | D:7      | Reached skill level 8 in Invocations
  5786 | D:7      | Killed Lochraine's ghost
  5816 | D:7      | Noticed a hippogriff
  5827 | D:7      | Killed a hippogriff
  5827 | D:7      | Reached XP level 10. HP: 73/79 MP: 14/16
  6090 | D:7      | Reached skill level 9 in Invocations
  6117 | D:7      | Got a brightly glowing rapier
  6118 | D:7      | Identified the +8 rapier of Ifeil {antimagic, Stlth+} (You found it on level 7 of the Dungeon)
  6763 | D:8      | Found a staircase to the Lair.
  6856 | D:8      | Noticed a cyclops
  6889 | D:8      | Killed a cyclops
  7165 | D:8      | Found a hazy altar of Hepliaklqana.
  7692 | D:9      | Reached skill level 10 in Invocations
  7919 | D:9      | Reached **** piety under Makhleb
  7963 | D:9      | Reached XP level 11. HP: 75/86 MP: 13/18
  8361 | D:10     | Entered Level 10 of the Dungeon
  8571 | D:10     | Reached skill level 10 in Long Blades
  8742 | D:10     | Noticed Nergalle
  8778 | D:10     | Killed Nergalle
  8778 | D:10     | Reached skill level 11 in Invocations
  8875 | D:10     | Noticed Grum
  8894 | D:10     | Killed Grum
  8956 | D:10     | Found an opulent altar of Gozag.
  8998 | D:10     | You fall through a shaft!
  9582 | D:10     | Found a staircase to the Orcish Mines.
 10424 | D:10     | Reached ***** piety under Makhleb
 11234 | D:11     | Noticed Urug
 11276 | D:11     | Reached skill level 12 in Invocations
 11318 | D:11     | Reached XP level 12. HP: 78/95 MP: 16/21
 11357 | D:11     | Noticed Josephine
 11385 | D:11     | Killed Josephine
 11448 | D:11     | Noticed DEFE's ghost (journeyman DrAs)
 11491 | D:11     | Killed DEFE's ghost
 11579 | D:11     | Noticed Psyche
 11589 | D:11     | Killed Psyche
 11648 | D:11     | Found Mozetu's Pet Rocks.
 11671 | D:11     | Reached skill level 13 in Invocations
 11753 | D:11     | Noticed a five-headed hydra
 11758 | D:11     | Noticed Snorg
 11767 | D:11     | HP: 4/96 [12-headed hydra (11)]
 11767 | D:11     | Slain by a 12-headed hydra

Vault maps used:
D:1:      dpeg_arrival_brainrot
D:2:      first_bread, minmay_misc_feat_hallway, makhleb_blood_cavern_becter
D:3:      kennysheep_jessica_study
D:4:      uniq_edmund
D:5:      uniq_blork_the_orc
D:6:      serial_shops, nicolae_shop_statue_plus, grunt_ministairs_10
D:8:      overflow_temple_1_default, erik_lair_orcish_takeover
D:9:      grunt_livestock
D:10:     erik_orc_4, basic_altar, chequers_big_river, uniq_nergalle, uniq_grum
D:11:     cheibrodos_grave_circle, guppyfry_shop_earth, uniq_urug, uniq_psyche,
          uniq_josephine, uniq_snorg

Skill      XL: |  1  2  3  4  5  6  7  8  9 10 11 12 |
---------------+-------------------------------------+-----
Fighting       | 4 5 6 7 8 9 |  9.9
Long Blades    | 3 4 5 6 7 9 10 11 | 11.7
Shields        | 4 5 6 7 8 9 |  9.1
Invocations    | 1 3 4 7 8 10 12 13 | 13.0
Armour         | |  3.2

Action                   |  1- 3 |  4- 6 |  7- 9 | 10-12 || total
-------------------------+-------+-------+-------+-------++-------
Melee: Long sword        |    52 |   209 |   348 |   350 ||   959
       Rapier            |       |       |       |    14 ||    14
       Falchion          |       |       |       |   409 ||   409
Invok: Minor Destruction |       |       |     4 |     6 ||    10
       Lesser Servant of |       |       |       |     2 ||     2
 Abil: Dig               |       |     2 |       |    13 ||    15
       Shaft Self        |       |       |       |     1 ||     1
  Use: Scroll            |       |       |    16 |     7 ||    23
       Potion            |       |       |     3 |     3 ||     6
 Stab: Distracted        |       |       |       |     1 ||     1
  Eat: Chunk             |       |     7 |    10 |    25 ||    42
       Beef jerky        |       |       |       |     2 ||     2
Armor: Scale mail        |    24 |    89 |    67 |       ||   180
       Ring mail         |       |       |    36 |   190 ||   226
Dodge: Dodged            |    12 |    71 |   100 |   217 ||   400
Block: Shield            |    28 |   125 |   177 |   389 ||   719
       Rpst.: Long sword |     1 |    27 |    34 |    21 ||    83
       Falchion          |       |       |       |    43 ||    43
